[Event "Stay Safe Play From Home 216"]
[Site "T#646701Emanuel Laske"]
[Date "2020.06.10"]
[Round "2"]
[White "Vilmos47"]
[Black "Tobo Rubirosa"]
[Result "1-0"]
[WhiteElo "1288"]
[BlackElo "1722"]
[Annotator "NA RC"]
[PlyCount "21"]
[EventDate "2020.06.10"]
[EventType "swiss (blitz)"]
[TimeControl "300"]

1. e4 c5 2. Nc3 d6 3. f4 Nc6 4. Nf3 e6 5. Bb5 Bd7 6. O-O g6 7. f5 exf5 8. exf5 Bxf5 9. Re1+ Nge7 10. Nd5 Be6 11. Nf6# {[%emt 0:00:03] (Lag: Av=1.08s, max=1.6s)} 1-0